cohdb
Replays
Latest Replays
All Replays
Popular Replays
Top Player Replays
Match Explorer
How It Works
Community
CoH3 Stats
Reddit
Sign in to upload your games and track your stats! →
Sign in with Steam
Match 42626655
Unlisted
Match 42626655
Overview
Messages
Build Orders
End
Selects Air and Sea Battlegroup
Construct Section Command Post
Vickers Machine Gun Team
Infantry Section
Dingo Light Scout Car
Infantry Section
Grenade Package
Construct Platoon Command Post
Unlock M3 Stuart Light Tanks
M3 Stuart Light Tank
6-pounder Anti-tank Gun Team
M3 Stuart Light Tank
Infantry Section
Selects Supply Surplus
Selects Commando Section Paradrop
Selects Commando Support Section Paradrop
Construct Field Infirmary
Light Vehicle Training
Infantry Training
Construct Resource Cache
Commando Support Section Paradrop
Selects Incendiary Bombing Run
Construct Resource Cache
SpoSadiK
Joe [S.P.Q.R]
Danimda
KuckMuck
crabdroid
Unsafe
0
0
Comments
sign in to comment!
No comments posted yet!